Avalanche vs Panthers
(R1)
Created - October 31, 2022 at 19:27
Goals
|
Avalanche |
0 |
1 |
0 |
1 |
Panthers |
1 |
2 |
0 |
3 |
|
Shots
|
Avalanche |
12 |
15 |
3 |
30 |
Panthers |
7 |
19 |
5 |
31 |
|
1st period
1. Panthers , Kyle Clifford 1 (Jordan Eberle 1, Petr Mrazek) at 13:12 (PP)
Penalties :
Joel Edmundson (Col) for Cross-checking (Minor) at 1:47, Josh Gorges (Flo) for High sticking (Minor) at 7:08, Marc Staal (Col) for Hooking (Minor) at 12:21, Anze Kopitar (Flo) for Roughing (Minor) at 15:41, Nick Bjugstad (Flo) for Hooking (Minor) at 19:33
2nd period
2. Avalanche , Patric Hornqvist 1 (Bryan Little 2, Mikkel Boedker 1) at 0:30 (PP)
3. Panthers , Matt Duchene 1 (Jordan Eberle 2) at 14:30
4. Panthers , Matt Duchene 2 (Jordan Eberle 3) at 17:19 (PP)
Penalties :
Kyle Clifford (Flo) for Hooking (Minor) at 5:35, James Van Riemsdyk (Col) for Interference (Minor) at 8:40, Colten Teubert (Col) for Roughing (Minor) at 11:50, Mattias Ekholm (Col) for Hooking (Minor) at 16:51, James Van Riemsdyk (Col) for Tripping (Minor) at 19:50
3rd period
No Goal
Penalties :
Hampus Lindholm (Flo) for Interference (Minor) at 5:53, Colten Teubert (Col) for Tripping (Minor) at 11:50, Mattias Ekholm (Col) for High sticking (Minor) at 19:49
Goalie Stats
Marek Mazanek (Col), 28 saves from 31 shots - (0.903), L, 0-1-0, 60:00 minutes
Petr Mrazek (Flo), 29 saves from 30 shots - (0.967), W, 1-0-0, 60:00 minutes
Players Stats for Avalanche
Player Name G A P +/- PIM S H SB GA TA FO MP PP MP PK MP
------------------------------------------------------------------------------------
Bryan Little 0 1 1 -1 0 5 5 0 2 0 8/28 21:05 5:45 1:03
Charlie Coyle 0 0 0 0 0 1 2 0 1 2 11/29 19:58 3:05 6:53
Colten Teubert 0 0 0 0 4 0 1 1 0 0 0/0 19:22 3:17 2:30
Daniel Carr 0 0 0 0 0 0 0 0 0 0 0/0 10:46 0:00 1:25
Erik Karlsson 0 0 0 0 0 0 0 2 0 0 0/0 24:49 5:36 4:12
Evgeny Dadonov 0 0 0 0 0 1 3 1 0 1 0/0 12:57 0:03 3:28
Jack Johnson 0 0 0 0 0 2 0 2 1 0 0/0 27:35 5:36 7:12
James Van Riemsdyk 0 0 0 0 4 2 1 0 0 0 0/0 12:44 3:05 0:00
Joel Edmundson 0 0 0 -1 2 0 1 0 0 0 0/0 11:52 0:00 0:33
Kyle Turris 0 0 0 0 0 0 0 1 0 0 1/3 9:17 0:00 3:12
Luke Witkowski 0 0 0 0 0 2 1 0 0 0 0/1 13:14 0:00 6:47
Marc Staal 0 0 0 0 2 1 0 1 0 2 0/0 23:14 3:17 6:35
Mattias Ekholm 0 0 0 -1 4 1 0 0 0 0 0/0 13:26 0:00 1:46
Mikkel Boedker 0 1 1 -1 0 7 2 0 2 0 2/2 20:02 5:46 0:00
Patric Hornqvist 1 0 1 -1 0 4 1 1 0 0 1/1 20:02 5:45 0:00
Pavel Buchnevich 0 0 0 0 0 1 1 0 1 0 0/0 12:38 3:05 0:00
Tomas Tatar 0 0 0 0 0 2 0 0 0 0 0/0 6:00 0:00 0:00
Vincent Trocheck 0 0 0 0 0 1 0 0 0 0 1/4 9:27 0:05 0:00
Players Stats for Panthers
Player Name G A P +/- PIM S H SB GA TA FO MP PP MP PK MP
------------------------------------------------------------------------------------
Anze Kopitar 0 0 0 0 2 3 3 0 1 0 13/19 20:36 5:11 4:02
Beau Bennett 0 0 0 0 0 1 0 1 1 0 0/0 8:46 0:00 0:00
Benoit Pouliot 0 0 0 0 0 1 2 0 0 0 0/0 10:36 0:00 1:38
Dalton Prout 0 0 0 1 0 1 1 0 0 0 0/0 22:29 4:00 3:28
Elias Lindholm 0 0 0 0 0 0 0 0 0 0 3/6 7:53 0:00 0:50
Erik Gudbranson 0 0 0 0 0 3 1 1 1 1 0/0 31:22 7:32 5:25
Hampus Lindholm 0 0 0 0 2 3 2 1 0 1 0/0 29:08 7:24 2:38
Jeff Skinner 0 0 0 0 0 0 2 0 0 3 2/3 17:44 5:11 2:07
Jeremy Morin 0 0 0 0 0 1 0 0 0 0 0/0 5:49 0:00 0:00
Jordan Eberle 0 3 3 1 0 1 2 2 1 0 0/1 23:38 6:13 5:04
Josh Gorges 0 0 0 1 2 1 2 1 0 1 0/0 13:43 0:00 0:50
Kyle Clifford 1 0 1 1 2 1 1 1 0 0 1/1 21:42 6:13 1:37
Marek Svatos 0 0 0 0 0 3 0 0 1 0 0/0 5:49 0:00 0:00
Matt Duchene 2 0 2 1 0 5 4 1 0 0 23/34 22:45 6:13 2:28
Morgan Rielly 0 0 0 0 0 1 0 1 0 1 0/0 11:07 3:52 0:14
Nick Bjugstad 0 0 0 0 2 2 0 1 0 0 0/1 16:18 5:11 0:00
Niklas Hansson 0 0 0 0 0 2 0 0 0 0 0/0 13:07 0:00 5:11
Quinton Howden 0 0 0 0 0 2 1 0 0 0 2/3 8:30 0:00 0:00
3 Stars
1 - Matt Duchene (Flo)
2 - Jordan Eberle (Flo)
3 - Petr Mrazek (Flo)
Power Play
Avalanche - 1 on 5 Attempt(s) - 20.00%
Panthers - 2 on 8 Attempt(s) - 25.00%
Penalty Kill
Avalanche - 6 on 8 Attempt(s) - 75.00%
- Score 0 goal in Penalty Kill
Panthers - 4 on 5 Attempt(s) - 80.00%
- Score 0 goal in Penalty Kill
Team Stat
Avalanche - Hits : 18 - Faceoff Wins : 24 - Blocked Shots : 9 - Penalty Minutes : 16
Panthers - Hits : 21 - Faceoff Wins : 44 - Blocked Shots : 10 - Penalty Minutes : 10
Official
Referees : Kendrick Nicholson and Chris Rooney
Linesman : Pierre Racicot and Derek Amell
Game Notes
No Game Note
Finance
Level 1 -- Attendance: 5298 (88.30%) -- Ticket Income $529,800
Level 2 -- Attendance: 5000 (100.00%) -- Ticket Income $300,000
Level 3 -- Attendance: 2000 (100.00%) -- Ticket Income $70,000
Level 4 -- Attendance: 4000 (100.00%) -- Ticket Income $100,000
Luxury Box -- Attendance: 894 (89.40%) -- Ticket Income $178,800
Game was played at the BBT Center.
Total Attendance: 17192 (95.51%)
Total Ticket Income: $1,178,600
Other Income: $176,790
Total Income: $1,355,390
Avalanche
5 vs 5 Forward
Center Left Wing Right Wing Time % Phy DF OF
1 Bryan Little Mikkel Boedker Patric Hornqvist 40 1 2 2
2 Charlie Coyle James Van Riemsdyk Pavel Buchnevich 30 1 2 2
3 Vincent Trocheck Daniel Carr Evgeny Dadonov 20 1 2 2
4 Kyle Turris Tomas Tatar Luke Witkowski 10 1 2 2
5 vs 5 Defense
Defense Defense Time % Phy DF OF
1 Jack Johnson Marc Staal 40 1 2 2
2 Erik Karlsson Colten Teubert 35 1 2 2
3 Joel Edmundson Mattias Ekholm 25 1 2 2
4 Joel Edmundson Jack Johnson 0 1 2 2
PowerPlay Forward
Center Left Wing Right Wing Time % Phy DF OF
1 Bryan Little Mikkel Boedker Patric Hornqvist 60 1 2 2
2 Charlie Coyle James Van Riemsdyk Pavel Buchnevich 40 1 2 2
PowerPlay Defense
Defense Defense Time % Phy DF OF
1 Jack Johnson Erik Karlsson 60 1 2 2
2 Marc Staal Colten Teubert 40 1 2 2
Penalty Kill 4 Players Forward
Center Wing Time % Phy DF OF
1 Charlie Coyle Luke Witkowski 60 1 2 2
2 Kyle Turris Evgeny Dadonov 40 1 2 2
Penalty Kill 4 Players Defense
Defense Defense Time % Phy DF OF
1 Jack Johnson Marc Staal 60 1 2 2
2 Erik Karlsson Colten Teubert 40 1 2 2
Penalty Kill - 3 Players Forward
Forward Time % Phy DF OF
1 Mikkel Boedker 60 1 2 2
2 Bryan Little 40 1 2 2
Penalty Kill - 3 Players Defense
Defense Defense Time % Phy DF OF
1 Jack Johnson Marc Staal 60 1 2 2
2 Erik Karlsson Colten Teubert 40 1 2 2
4 vs 4 Forward
Center Wing Time % Phy DF OF
1 Mikkel Boedker Bryan Little 60 1 2 2
2 Patric Hornqvist Charlie Coyle 40 1 2 2
4 vs 4 Defense
Defense Defense Time % Phy DF OF
1 Jack Johnson Marc Staal 60 1 2 2
2 Erik Karlsson Colten Teubert 40 1 2 2
Last Minutes Offensive
Center Left Wing Right Wing Defense Defense
Bryan Little Mikkel Boedker Patric Hornqvist Jack Johnson Marc Staal
Last Minutes Defensive
Center Left Wing Right Wing Defense Defense
Bryan Little Mikkel Boedker Patric Hornqvist Jack Johnson Marc Staal
Goaltenders
Starting : Marek Mazanek
Backup : Semyon Varlamov
Extra Forwards
Normal : Vincent Trocheck, Pavel Buchnevich, Evgeny Dadonov - PP : Vincent Trocheck, Pavel Buchnevich - PK : Evgeny Dadonov
Extra Defensemen
Normal : Jack Johnson, Mattias Ekholm, Joel Edmundson - PP : Jack Johnson - PK : Mattias Ekholm, Joel Edmundson
Penalty Shots
Mikkel Boedker, Bryan Little, Patric Hornqvist, Charlie Coyle, Luke Witkowski
Scratches
Stefan Elliott (Healthy)
Panthers
5 vs 5 Forward
Center Left Wing Right Wing Time % Phy DF OF
1 Matt Duchene Kyle Clifford Jordan Eberle 50 0 2 3
2 Anze Kopitar Jeff Skinner Nick Bjugstad 35 0 2 3
3 Quinton Howden Benoit Pouliot Beau Bennett 10 1 2 2
4 Elias Lindholm Jeremy Morin Marek Svatos 5 0 2 3
5 vs 5 Defense
Defense Defense Time % Phy DF OF
1 Erik Gudbranson Hampus Lindholm 50 0 2 3
2 Dalton Prout Josh Gorges 30 0 2 3
3 Morgan Rielly Niklas Hansson 10 1 2 2
4 Erik Gudbranson Hampus Lindholm 10 0 2 3
PowerPlay Forward
Center Left Wing Right Wing Time % Phy DF OF
1 Matt Duchene Kyle Clifford Jordan Eberle 60 0 1 4
2 Anze Kopitar Jeff Skinner Nick Bjugstad 40 0 1 4
PowerPlay Defense
Defense Defense Time % Phy DF OF
1 Erik Gudbranson Hampus Lindholm 70 0 2 3
2 Dalton Prout Morgan Rielly 30 0 2 3
Penalty Kill 4 Players Forward
Center Wing Time % Phy DF OF
1 Anze Kopitar Jordan Eberle 60 0 4 1
2 Matt Duchene Kyle Clifford 40 0 4 1
Penalty Kill 4 Players Defense
Defense Defense Time % Phy DF OF
1 Erik Gudbranson Niklas Hansson 60 0 4 1
2 Hampus Lindholm Dalton Prout 40 0 4 1
Penalty Kill - 3 Players Forward
Forward Time % Phy DF OF
1 Jordan Eberle 60 0 5 0
2 Kyle Clifford 40 0 5 0
Penalty Kill - 3 Players Defense
Defense Defense Time % Phy DF OF
1 Erik Gudbranson Niklas Hansson 60 0 5 0
2 Hampus Lindholm Dalton Prout 40 0 5 0
4 vs 4 Forward
Center Wing Time % Phy DF OF
1 Matt Duchene Kyle Clifford 60 0 2 3
2 Anze Kopitar Jordan Eberle 40 0 2 3
4 vs 4 Defense
Defense Defense Time % Phy DF OF
1 Erik Gudbranson Hampus Lindholm 60 0 2 3
2 Dalton Prout Josh Gorges 40 1 2 2
Last Minutes Offensive
Center Left Wing Right Wing Defense Defense
Matt Duchene Kyle Clifford Jordan Eberle Erik Gudbranson Hampus Lindholm
Last Minutes Defensive
Center Left Wing Right Wing Defense Defense
Anze Kopitar Kyle Clifford Jordan Eberle Erik Gudbranson Niklas Hansson
Goaltenders
Starting : Petr Mrazek
Backup : Ville Husso
Extra Forwards
Normal : Nick Bjugstad, Matt Duchene, Kyle Clifford - PP : Jordan Eberle, Matt Duchene - PK : Jeff Skinner
Extra Defensemen
Normal : Dalton Prout, Hampus Lindholm, Erik Gudbranson - PP : Hampus Lindholm - PK : Hampus Lindholm, Erik Gudbranson
Penalty Shots
Benoit Pouliot, Jeff Skinner, Nick Bjugstad, Anze Kopitar, Jordan Eberle
Scratches
None
% Time on Ice - Avalanche
Lines # - Real PCT - Wanted PCT - Time Play
Normal Forward
1 - 37% - 40% - 14:44
2 - 24% - 30% - 9:38
3 - 24% - 20% - 9:21
4 - 15% - 10% - 6:00
Normal Defense
1 - 37% - 40% - 14:47
2 - 34% - 35% - 13:37
3 - 28% - 25% - 11:19
4 - 0% - 0% - 0:00
PP Forward
1 - 65% - 60% - 5:48
2 - 35% - 40% - 3:05
PP Defense
1 - 63% - 60% - 5:36
2 - 37% - 40% - 3:17
PK Forward
1 - 72% - 60% - 8:12
2 - 28% - 40% - 3:12
PK Defense
1 - 63% - 60% - 7:12
2 - 37% - 40% - 4:12
PK3 Forward
1 - 0% - 60%
2 - 0% - 40%
PK3 Defense
1 - 0% - 60%
2 - 0% - 40%
44 Forward
1 - 0% - 60%
2 - 0% - 40%
44 Defense
1 - 0% - 60%
2 - 0% - 40%
Last Minute Offensive - 0:00
Last Minute Defensive - 0:00
Total
Forward - 60:00
Defense - 60:00
|
% Time on Ice - Panthers
Lines # - Real PCT - Wanted PCT - Time Play
Normal Forward
1 - 34% - 50% - 13:28
2 - 30% - 35% - 11:56
3 - 21% - 10% - 8:30
4 - 15% - 5% - 5:49
Normal Defense
1 - 49% - 50% - 19:21
2 - 36% - 30% - 14:22
3 - 15% - 10% - 6:00
4 - 0% - 10% - 0:00
PP Forward
1 - 55% - 60% - 6:13
2 - 45% - 40% - 5:11
PP Defense
1 - 66% - 70% - 7:32
2 - 34% - 30% - 3:52
PK Forward
1 - 70% - 60% - 6:14
2 - 30% - 40% - 2:39
PK Defense
1 - 58% - 60% - 5:11
2 - 42% - 40% - 3:42
PK3 Forward
1 - 0% - 60%
2 - 0% - 40%
PK3 Defense
1 - 0% - 60%
2 - 0% - 40%
44 Forward
1 - 0% - 60%
2 - 0% - 40%
44 Defense
1 - 0% - 60%
2 - 0% - 40%
Last Minute Offensive - 0:00
Last Minute Defensive - 0:00
Total
Forward - 60:00
Defense - 60:00
|
Play-by-Play
1st period
0:01 of 1st period - Matt Duchene wins face-off versus Bryan Little in neutral zone.
0:16 of 1st period - Snap shot by Mikkel Boedker.
0:16 of 1st period - Stopped by Petr Mrazek with a rebound.
0:26 of 1st period - James Van Riemsdyk is hit by Jeff Skinner and loses puck.
0:54 of 1st period - Snap shot by Vincent Trocheck.
0:54 of 1st period - Shot Misses the Net.
0:56 of 1st period - Snap shot by Daniel Carr.
0:56 of 1st period - Shot Misses the Net.
0:58 of 1st period - Snap shot by Erik Karlsson.
0:58 of 1st period - Shot Blocked by Beau Bennett.
1:16 of 1st period - Wrist shot by Luke Witkowski.
1:16 of 1st period - Stopped by Petr Mrazek with a rebound.
1:30 of 1st period - Mikkel Boedker is hit by Jordan Eberle and loses puck.
1:47 of 1st period - Minor Penalty to Joel Edmundson for Cross-checking.
1:48 of 1st period - Charlie Coyle wins face-off versus Matt Duchene in Avalanche zone.
2:15 of 1st period - Evgeny Dadonov is hit by Anze Kopitar and loses puck.
2:26 of 1st period - Snap shot by Hampus Lindholm.
2:26 of 1st period - Shot Blocked by Jack Johnson.
2:57 of 1st period - Icing by Kyle Clifford.
2:58 of 1st period - Kyle Clifford wins face-off versus Kyle Turris in Panthers zone.
3:14 of 1st period - Off-side.
3:15 of 1st period - Charlie Coyle wins face-off versus Anze Kopitar in neutral zone.
3:37 of 1st period - Jack Johnson is hit by Erik Gudbranson and loses puck.
3:47 of 1st period - Penalty to Joel Edmundson is over, Joel Edmundson is back on ice.
4:08 of 1st period - Quinton Howden is hit by Evgeny Dadonov.
4:12 of 1st period - Snap shot by Benoit Pouliot.
4:12 of 1st period - Shot Blocked by Erik Karlsson.
5:20 of 1st period - Snap shot by Charlie Coyle.
5:20 of 1st period - Shot Blocked by Jordan Eberle.
5:22 of 1st period - Wrist shot by Pavel Buchnevich.
5:22 of 1st period - Shot Blocked by Kyle Clifford.
5:30 of 1st period - Wrist shot by Pavel Buchnevich.
5:30 of 1st period - Deflect By James Van Riemsdyk.
5:30 of 1st period - Shot Blocked by Jordan Eberle.
5:30 of 1st period - Puck is out of play.
5:31 of 1st period - Bryan Little wins face-off versus Quinton Howden in Panthers zone.
5:32 of 1st period - Snap shot by Patric Hornqvist.
5:32 of 1st period - Shot Misses the Net.
6:27 of 1st period - Snap shot by Erik Karlsson.
6:27 of 1st period - Deflect By Tomas Tatar.
6:27 of 1st period - Stopped by Petr Mrazek with a rebound.
6:47 of 1st period - Slapshot by Mikkel Boedker.
6:47 of 1st period - Shot Misses the Net.
6:49 of 1st period - Snap shot by Patric Hornqvist.
6:49 of 1st period - Shot Misses the Net.
7:08 of 1st period - Minor Penalty to Josh Gorges for High sticking.
7:09 of 1st period - Anze Kopitar wins face-off versus Bryan Little in Panthers zone.
7:41 of 1st period - Jordan Eberle is hit by Charlie Coyle and loses puck.
8:21 of 1st period - Hampus Lindholm is hit by Bryan Little and loses puck.
8:32 of 1st period - Wrist shot by Patric Hornqvist.
8:32 of 1st period - Stopped by Petr Mrazek with a rebound.
8:34 of 1st period - Slapshot by Marc Staal.
8:34 of 1st period - Stopped by Petr Mrazek without a rebound.
8:35 of 1st period - Charlie Coyle wins face-off versus Matt Duchene in Panthers zone.
9:08 of 1st period - Penalty to Josh Gorges is over, Josh Gorges is back on ice.
9:21 of 1st period - Slapshot by Erik Gudbranson.
9:21 of 1st period - Stopped by Marek Mazanek with a rebound.
11:05 of 1st period - Snap shot by Beau Bennett.
11:05 of 1st period - Shot Blocked by Jack Johnson.
11:07 of 1st period - Slapshot by Niklas Hansson.
11:07 of 1st period - Stopped by Marek Mazanek without a rebound.
11:08 of 1st period - Bryan Little wins face-off versus Matt Duchene in Avalanche zone.
11:15 of 1st period - Slapshot by Mikkel Boedker.
11:15 of 1st period - Stopped by Petr Mrazek with a rebound.
11:23 of 1st period - Slapshot by Bryan Little.
11:23 of 1st period - Stopped by Petr Mrazek with a rebound.
11:25 of 1st period - Snap shot by Patric Hornqvist.
11:25 of 1st period - Stopped by Petr Mrazek without a rebound.
11:26 of 1st period - Anze Kopitar wins face-off versus Charlie Coyle in Panthers zone.
11:26 of 1st period - Anze Kopitar is hit by Pavel Buchnevich.
11:44 of 1st period - Charlie Coyle is hit by Anze Kopitar and loses puck.
11:57 of 1st period - Snap shot by Nick Bjugstad.
11:57 of 1st period - Stopped by Marek Mazanek without a rebound.
11:58 of 1st period - Mikkel Boedker wins face-off versus Matt Duchene in Avalanche zone.
12:21 of 1st period - Minor Penalty to Marc Staal for Hooking.
12:22 of 1st period - Charlie Coyle wins face-off versus Matt Duchene in Avalanche zone.
13:01 of 1st period - Slapshot by Hampus Lindholm.
13:01 of 1st period - Deflect By Erik Karlsson.
13:01 of 1st period - Stopped by Marek Mazanek without a rebound.
13:02 of 1st period - Charlie Coyle wins face-off versus Matt Duchene in Avalanche zone.
13:02 of 1st period - Charlie Coyle is hit by Kyle Clifford.
13:12 of 1st period - Snap shot by Kyle Clifford.
13:12 of 1st period - Goal by Kyle Clifford - Avalanche : 0 - Panthers : 1.
13:13 of 1st period - Matt Duchene wins face-off versus Bryan Little in neutral zone.
14:49 of 1st period - Snap shot by Jeremy Morin.
14:49 of 1st period - Shot Blocked by Kyle Turris.
14:51 of 1st period - Slapshot by Josh Gorges.
14:51 of 1st period - Deflect By Joel Edmundson.
14:51 of 1st period - Stopped by Marek Mazanek with a rebound.
14:53 of 1st period - Wrist shot by Josh Gorges.
14:53 of 1st period - Shot Misses the Net.
14:55 of 1st period - Snap shot by Jeremy Morin.
14:55 of 1st period - Stopped by Marek Mazanek without a rebound.
14:56 of 1st period - Bryan Little wins face-off versus Anze Kopitar in Avalanche zone.
14:56 of 1st period - Bryan Little is hit by Dalton Prout.
15:17 of 1st period - Icing by Nick Bjugstad.
15:18 of 1st period - Anze Kopitar wins face-off versus Charlie Coyle in Panthers zone.
15:25 of 1st period - Snap shot by Charlie Coyle.
15:25 of 1st period - Shot Misses the Net.
15:41 of 1st period - Minor Penalty to Anze Kopitar for Roughing.
15:42 of 1st period - Bryan Little wins face-off versus Jeff Skinner in Panthers zone.
15:51 of 1st period - Wrist shot by Mikkel Boedker.
15:51 of 1st period - Stopped by Petr Mrazek without a rebound.
15:52 of 1st period - Jeff Skinner wins face-off versus Bryan Little in Panthers zone.
16:01 of 1st period - Erik Gudbranson is hit by Mikkel Boedker and loses puck.
16:36 of 1st period - Jeff Skinner is hit by Bryan Little and loses puck.
17:01 of 1st period - Snap shot by Mikkel Boedker.
17:01 of 1st period - Stopped by Petr Mrazek with a rebound.
17:41 of 1st period - Penalty to Anze Kopitar is over, Anze Kopitar is back on ice.
17:57 of 1st period - Wrist shot by Mikkel Boedker.
17:57 of 1st period - Shot Hit the Post.
18:03 of 1st period - Erik Karlsson is hit by Anze Kopitar and loses puck.
18:26 of 1st period - Snap shot by Bryan Little.
18:26 of 1st period - Shot Misses the Net.
18:31 of 1st period - Off-side.
18:32 of 1st period - Matt Duchene wins face-off versus Charlie Coyle in neutral zone.
19:27 of 1st period - Snap shot by Tomas Tatar.
19:27 of 1st period - Stopped by Petr Mrazek with a rebound.
19:33 of 1st period - Minor Penalty to Nick Bjugstad for Hooking.
19:34 of 1st period - Anze Kopitar wins face-off versus Charlie Coyle in Panthers zone.
19:51 of 1st period - Wrist shot by James Van Riemsdyk.
19:51 of 1st period - Stopped by Petr Mrazek without a rebound.
19:52 of 1st period - Anze Kopitar wins face-off versus Charlie Coyle in Panthers zone.
Goals for this period are 0 for Avalanche vs 1 for Panthers.
Shots for this period are 12 for Avalanche vs 7 for Panthers.
2nd period
0:01 of 2nd period - Bryan Little wins face-off versus Anze Kopitar in neutral zone.
0:04 of 2nd period - Snap shot by Mikkel Boedker.
0:04 of 2nd period - Stopped by Petr Mrazek without a rebound.
0:05 of 2nd period - Anze Kopitar wins face-off versus Bryan Little in Panthers zone.
0:12 of 2nd period - Wrist shot by Bryan Little.
0:12 of 2nd period - Stopped by Petr Mrazek without a rebound.
0:13 of 2nd period - Mikkel Boedker wins face-off versus Anze Kopitar in Panthers zone.
0:30 of 2nd period - Snap shot by Patric Hornqvist.
0:30 of 2nd period - Goal by Patric Hornqvist - Avalanche : 1 - Panthers : 1.
0:31 of 2nd period - Matt Duchene wins face-off versus Bryan Little in neutral zone.
1:05 of 2nd period - Wrist shot by Anze Kopitar.
1:05 of 2nd period - Shot Hit the Post.
1:07 of 2nd period - Wrist shot by Anze Kopitar.
1:07 of 2nd period - Stopped by Marek Mazanek without a rebound.
1:08 of 2nd period - Matt Duchene wins face-off versus Bryan Little in Avalanche zone.
1:45 of 2nd period - Icing by Marc Staal.
1:46 of 2nd period - Charlie Coyle wins face-off versus Matt Duchene in Avalanche zone.
1:53 of 2nd period - Jack Johnson is hit by Jordan Eberle and loses puck.
2:01 of 2nd period - Slapshot by Marc Staal.
2:01 of 2nd period - Shot Blocked by Matt Duchene.
2:03 of 2nd period - Slapshot by Jack Johnson.
2:03 of 2nd period - Deflect By Matt Duchene.
2:03 of 2nd period - Stopped by Petr Mrazek with a rebound.
2:05 of 2nd period - Snap shot by Pavel Buchnevich.
2:05 of 2nd period - Shot Misses the Net.
2:07 of 2nd period - Slapshot by Jack Johnson.
2:07 of 2nd period - Stopped by Petr Mrazek with a rebound.
2:09 of 2nd period - Snap shot by Charlie Coyle.
2:09 of 2nd period - Stopped by Petr Mrazek without a rebound.
2:10 of 2nd period - Jeff Skinner wins face-off versus Bryan Little in Panthers zone.
2:10 of 2nd period - Jeff Skinner is hit by Mikkel Boedker.
2:36 of 2nd period - Kyle Clifford is hit by Evgeny Dadonov and loses puck.
2:55 of 2nd period - Wrist shot by Marek Svatos.
2:55 of 2nd period - Deflect By Erik Karlsson.
2:55 of 2nd period - Shot Misses the Net.
2:55 of 2nd period - Puck is out of play.
2:56 of 2nd period - Charlie Coyle wins face-off versus Elias Lindholm in Avalanche zone.
3:05 of 2nd period - Jeremy Morin is hit by James Van Riemsdyk and loses puck.
3:22 of 2nd period - Marc Staal is hit by Matt Duchene and loses puck.
3:31 of 2nd period - Slapshot by Matt Duchene.
3:31 of 2nd period - Shot Misses the Net.
3:33 of 2nd period - Slapshot by Dalton Prout.
3:33 of 2nd period - Shot Misses the Net.
3:45 of 2nd period - Wrist shot by Anze Kopitar.
3:45 of 2nd period - Stopped by Marek Mazanek without a rebound.
3:46 of 2nd period - Anze Kopitar wins face-off versus Vincent Trocheck in Avalanche zone.
3:57 of 2nd period - Wrist shot by Vincent Trocheck.
3:57 of 2nd period - Stopped by Petr Mrazek with a rebound.
3:59 of 2nd period - Snap shot by Evgeny Dadonov.
3:59 of 2nd period - Stopped by Petr Mrazek with a rebound.
4:01 of 2nd period - Slapshot by Erik Karlsson.
4:01 of 2nd period - Deflect By Vincent Trocheck.
4:01 of 2nd period - Shot Misses the Net.
4:01 of 2nd period - Puck is out of play.
4:02 of 2nd period - Matt Duchene wins face-off versus Bryan Little in Panthers zone.
4:02 of 2nd period - Matt Duchene is hit by Patric Hornqvist.
4:08 of 2nd period - Patric Hornqvist is hit by Hampus Lindholm and loses puck.
4:17 of 2nd period - Snap shot by Bryan Little.
4:17 of 2nd period - Shot Blocked by Hampus Lindholm.
4:19 of 2nd period - Wrist shot by Bryan Little.
4:19 of 2nd period - Shot Misses the Net.
5:22 of 2nd period - Icing by Mattias Ekholm.
5:23 of 2nd period - Matt Duchene wins face-off versus Bryan Little in Avalanche zone.
5:27 of 2nd period - Icing by Joel Edmundson.
5:28 of 2nd period - Bryan Little wins face-off versus Matt Duchene in Avalanche zone.
5:28 of 2nd period - Bryan Little is hit by Matt Duchene.
5:35 of 2nd period - Minor Penalty to Kyle Clifford for Hooking.
5:36 of 2nd period - Patric Hornqvist wins face-off versus Anze Kopitar in Panthers zone.
6:14 of 2nd period - Wrist shot by Jack Johnson.
6:14 of 2nd period - Deflect By James Van Riemsdyk.
6:14 of 2nd period - Stopped by Petr Mrazek with a rebound.
6:44 of 2nd period - Jordan Eberle is hit by Bryan Little and loses puck.
6:55 of 2nd period - Jack Johnson is hit by Matt Duchene and loses puck.
7:35 of 2nd period - Penalty to Kyle Clifford is over, Kyle Clifford is back on ice.
7:41 of 2nd period - Off-side.
7:42 of 2nd period - Kyle Turris wins face-off versus Elias Lindholm in neutral zone.
8:10 of 2nd period - Wrist shot by Matt Duchene.
8:10 of 2nd period - Stopped by Marek Mazanek without a rebound.
8:11 of 2nd period - Matt Duchene wins face-off versus Bryan Little in Avalanche zone.
8:12 of 2nd period - Snap shot by Kyle Clifford.
8:12 of 2nd period - Shot Misses the Net.
8:26 of 2nd period - Wrist shot by Mikkel Boedker.
8:26 of 2nd period - Stopped by Petr Mrazek without a rebound.
8:27 of 2nd period - Anze Kopitar wins face-off versus Charlie Coyle in Panthers zone.
8:27 of 2nd period - Anze Kopitar is hit by Joel Edmundson.
8:40 of 2nd period - Minor Penalty to James Van Riemsdyk for Interference.
8:41 of 2nd period - Matt Duchene wins face-off versus Charlie Coyle in Avalanche zone.
9:16 of 2nd period - Evgeny Dadonov is hit by Hampus Lindholm and loses puck.
10:40 of 2nd period - Penalty to James Van Riemsdyk is over, James Van Riemsdyk is back on ice.
10:56 of 2nd period - Snap shot by Mikkel Boedker.
10:56 of 2nd period - Deflect By Bryan Little.
10:56 of 2nd period - Stopped by Petr Mrazek with a rebound.
10:58 of 2nd period - Wrist shot by Bryan Little.
10:58 of 2nd period - Stopped by Petr Mrazek without a rebound.
10:59 of 2nd period - Elias Lindholm wins face-off versus Bryan Little in Panthers zone.
11:13 of 2nd period - Marek Svatos is hit by Bryan Little and loses puck.
11:24 of 2nd period - Mattias Ekholm is hit by Benoit Pouliot and loses puck.
11:37 of 2nd period - Wrist shot by Beau Bennett.
11:37 of 2nd period - Stopped by Marek Mazanek without a rebound.
11:38 of 2nd period - Matt Duchene wins face-off versus Charlie Coyle in Avalanche zone.
11:50 of 2nd period - Minor Penalty to Colten Teubert for Roughing.
11:51 of 2nd period - Matt Duchene wins face-off versus Charlie Coyle in Avalanche zone.
13:26 of 2nd period - Snap shot by Bryan Little.
13:26 of 2nd period - Shot Blocked by Nick Bjugstad.
13:32 of 2nd period - Morgan Rielly is hit by Bryan Little and loses puck.
13:46 of 2nd period - Icing by Jordan Eberle.
13:47 of 2nd period - Matt Duchene wins face-off versus Charlie Coyle in Panthers zone.
13:50 of 2nd period - Penalty to Colten Teubert is over, Colten Teubert is back on ice.
14:04 of 2nd period - Colten Teubert is hit by Quinton Howden.
14:18 of 2nd period - Slapshot by Marek Svatos.
14:18 of 2nd period - Stopped by Marek Mazanek with a rebound.
14:20 of 2nd period - Slapshot by Niklas Hansson.
14:20 of 2nd period - Stopped by Marek Mazanek with a rebound.
14:26 of 2nd period - Snap shot by Marek Svatos.
14:26 of 2nd period - Stopped by Marek Mazanek without a rebound.
14:27 of 2nd period - Matt Duchene wins face-off versus Bryan Little in Avalanche zone.
14:30 of 2nd period - Snap shot by Matt Duchene.
14:30 of 2nd period - Goal by Matt Duchene - Avalanche : 1 - Panthers : 2.
14:31 of 2nd period - Matt Duchene wins face-off versus Bryan Little in neutral zone.
14:46 of 2nd period - Slapshot by Matt Duchene.
14:46 of 2nd period - Stopped by Marek Mazanek with a rebound.
15:22 of 2nd period - Snap shot by Beau Bennett.
15:22 of 2nd period - Shot Misses the Net.
15:30 of 2nd period - Slapshot by Hampus Lindholm.
15:30 of 2nd period - Stopped by Marek Mazanek with a rebound.
15:51 of 2nd period - Wrist shot by Quinton Howden.
15:51 of 2nd period - Stopped by Marek Mazanek with a rebound.
15:53 of 2nd period - Slapshot by Erik Gudbranson.
15:53 of 2nd period - Stopped by Marek Mazanek with a rebound.
15:55 of 2nd period - Slapshot by Erik Gudbranson.
15:55 of 2nd period - Stopped by Marek Mazanek with a rebound.
16:03 of 2nd period - Wrist shot by Benoit Pouliot.
16:03 of 2nd period - Shot Misses the Net.
16:05 of 2nd period - Slapshot by Beau Bennett.
16:05 of 2nd period - Shot Blocked by Patric Hornqvist.
16:07 of 2nd period - Snap shot by Quinton Howden.
16:07 of 2nd period - Stopped by Marek Mazanek without a rebound.
16:08 of 2nd period - Matt Duchene wins face-off versus Charlie Coyle in Avalanche zone.
16:25 of 2nd period - Snap shot by James Van Riemsdyk.
16:25 of 2nd period - Shot Misses the Net.
16:32 of 2nd period - Icing by Kyle Clifford.
16:33 of 2nd period - Matt Duchene wins face-off versus Vincent Trocheck in Panthers zone.
16:51 of 2nd period - Minor Penalty to Mattias Ekholm for Hooking.
16:52 of 2nd period - Charlie Coyle wins face-off versus Matt Duchene in Avalanche zone.
17:07 of 2nd period - Snap shot by Matt Duchene.
17:07 of 2nd period - Stopped by Marek Mazanek without a rebound.
17:08 of 2nd period - Matt Duchene wins face-off versus Charlie Coyle in Avalanche zone.
17:09 of 2nd period - Snap shot by Jordan Eberle.
17:09 of 2nd period - Stopped by Marek Mazanek without a rebound.
17:10 of 2nd period - Matt Duchene wins face-off versus Charlie Coyle in Avalanche zone.
17:19 of 2nd period - Snap shot by Matt Duchene.
17:19 of 2nd period - Goal by Matt Duchene - Avalanche : 1 - Panthers : 3.
17:20 of 2nd period - Matt Duchene wins face-off versus Bryan Little in neutral zone.
18:04 of 2nd period - Snap shot by Matt Duchene.
18:04 of 2nd period - Shot Blocked by Erik Karlsson.
18:16 of 2nd period - Slapshot by Mikkel Boedker.
18:16 of 2nd period - Stopped by Petr Mrazek with a rebound.
18:18 of 2nd period - Snap shot by Bryan Little.
18:18 of 2nd period - Deflect By Patric Hornqvist.
18:18 of 2nd period - Stopped by Petr Mrazek with a rebound.
18:20 of 2nd period - Backhand shot by Bryan Little.
18:20 of 2nd period - Stopped by Petr Mrazek without a rebound.
18:21 of 2nd period - Anze Kopitar wins face-off versus Charlie Coyle in Panthers zone.
18:59 of 2nd period - Snap shot by Beau Bennett.
18:59 of 2nd period - Shot Blocked by Evgeny Dadonov.
19:01 of 2nd period - Slapshot by Dalton Prout.
19:01 of 2nd period - Deflect By Evgeny Dadonov.
19:01 of 2nd period - Stopped by Marek Mazanek with a rebound.
19:03 of 2nd period - Wrist shot by Benoit Pouliot.
19:03 of 2nd period - Stopped by Marek Mazanek with a rebound.
19:25 of 2nd period - Wrist shot by Luke Witkowski.
19:25 of 2nd period - Shot Misses the Net.
19:37 of 2nd period - Mattias Ekholm is hit by Jeff Skinner and loses puck.
19:50 of 2nd period - Minor Penalty to James Van Riemsdyk for Tripping.
19:51 of 2nd period - Matt Duchene wins face-off versus Charlie Coyle in Avalanche zone.
Goals for this period are 1 for Avalanche vs 2 for Panthers.
Shots for this period are 15 for Avalanche vs 19 for Panthers.
3rd period
0:01 of 3rd period - Charlie Coyle wins face-off versus Matt Duchene in neutral zone.
0:04 of 3rd period - Kyle Clifford is hit by Charlie Coyle and loses puck.
1:43 of 3rd period - Erik Gudbranson is hit by Luke Witkowski and loses puck.
1:50 of 3rd period - Penalty to James Van Riemsdyk is over, James Van Riemsdyk is back on ice.
1:57 of 3rd period - Jack Johnson is hit by Josh Gorges and loses puck.
2:19 of 3rd period - Icing by Jack Johnson.
2:20 of 3rd period - Elias Lindholm wins face-off versus Vincent Trocheck in Avalanche zone.
2:51 of 3rd period - Wrist shot by Marek Svatos.
2:51 of 3rd period - Stopped by Marek Mazanek without a rebound.
2:52 of 3rd period - Matt Duchene wins face-off versus Bryan Little in Avalanche zone.
3:19 of 3rd period - Erik Gudbranson is hit by Colten Teubert.
3:23 of 3rd period - Backhand shot by Hampus Lindholm.
3:23 of 3rd period - Shot Misses the Net.
3:25 of 3rd period - Slapshot by Erik Gudbranson.
3:25 of 3rd period - Shot Misses the Net.
3:27 of 3rd period - Slapshot by Hampus Lindholm.
3:27 of 3rd period - Shot Blocked by Colten Teubert.
4:04 of 3rd period - Mattias Ekholm is hit by Matt Duchene and loses puck.
4:51 of 3rd period - Wrist shot by Nick Bjugstad.
4:51 of 3rd period - Stopped by Marek Mazanek with a rebound.
5:10 of 3rd period - Kyle Turris is hit by Benoit Pouliot and loses puck.
5:53 of 3rd period - Minor Penalty to Hampus Lindholm for Interference.
5:54 of 3rd period - Anze Kopitar wins face-off versus Bryan Little in Panthers zone.
6:11 of 3rd period - Wrist shot by Bryan Little.
6:11 of 3rd period - Shot Blocked by Erik Gudbranson.
7:53 of 3rd period - Penalty to Hampus Lindholm is over, Hampus Lindholm is back on ice.
8:16 of 3rd period - Wrist shot by Matt Duchene.
8:16 of 3rd period - Shot Misses the Net.
8:40 of 3rd period - Matt Duchene is hit by Evgeny Dadonov and loses puck.
8:47 of 3rd period - Evgeny Dadonov is hit by Josh Gorges and loses puck.
8:52 of 3rd period - Snap shot by Matt Duchene.
8:52 of 3rd period - Shot Misses the Net.
9:18 of 3rd period - Slapshot by Hampus Lindholm.
9:18 of 3rd period - Stopped by Marek Mazanek without a rebound.
9:19 of 3rd period - Bryan Little wins face-off versus Elias Lindholm in Avalanche zone.
9:49 of 3rd period - Off-side.
9:50 of 3rd period - Quinton Howden wins face-off versus Charlie Coyle in neutral zone.
10:00 of 3rd period - Snap shot by Pavel Buchnevich.
10:00 of 3rd period - Stopped by Petr Mrazek with a rebound.
10:18 of 3rd period - Snap shot by Mattias Ekholm.
10:18 of 3rd period - Stopped by Petr Mrazek with a rebound.
10:20 of 3rd period - Backhand shot by Mattias Ekholm.
10:20 of 3rd period - Deflect By James Van Riemsdyk.
10:20 of 3rd period - Shot Misses the Net.
10:20 of 3rd period - Puck is out of play.
10:21 of 3rd period - Anze Kopitar wins face-off versus Bryan Little in Panthers zone.
10:26 of 3rd period - Snap shot by Anze Kopitar.
10:26 of 3rd period - Stopped by Marek Mazanek with a rebound.
10:36 of 3rd period - Wrist shot by Bryan Little.
10:36 of 3rd period - Shot Blocked by Morgan Rielly.
10:50 of 3rd period - Slapshot by Jeremy Morin.
10:50 of 3rd period - Shot Misses the Net.
10:52 of 3rd period - Slapshot by Elias Lindholm.
10:52 of 3rd period - Shot Misses the Net.
10:54 of 3rd period - Wrist shot by Morgan Rielly.
10:54 of 3rd period - Stopped by Marek Mazanek without a rebound.
10:55 of 3rd period - Elias Lindholm wins face-off versus Charlie Coyle in Avalanche zone.
11:05 of 3rd period - Off-side.
11:06 of 3rd period - Matt Duchene wins face-off versus Bryan Little in neutral zone.
11:50 of 3rd period - Minor Penalty to Colten Teubert for Tripping.
11:51 of 3rd period - Matt Duchene wins face-off versus Luke Witkowski in Avalanche zone.
12:30 of 3rd period - Snap shot by Anze Kopitar.
12:30 of 3rd period - Deflect By Nick Bjugstad.
12:30 of 3rd period - Shot Blocked by Marc Staal.
12:30 of 3rd period - Puck is out of play.
12:31 of 3rd period - Anze Kopitar wins face-off versus Charlie Coyle in Avalanche zone.
13:50 of 3rd period - Penalty to Colten Teubert is over, Colten Teubert is back on ice.
15:14 of 3rd period - Icing by Erik Gudbranson.
15:15 of 3rd period - Anze Kopitar wins face-off versus Bryan Little in Panthers zone.
16:09 of 3rd period - Off-side.
16:10 of 3rd period - Vincent Trocheck wins face-off versus Jordan Eberle in neutral zone.
18:12 of 3rd period - Icing by Hampus Lindholm.
18:13 of 3rd period - Quinton Howden wins face-off versus Kyle Turris in Panthers zone.
19:21 of 3rd period - Icing by Matt Duchene.
19:22 of 3rd period - Bryan Little wins face-off versus Matt Duchene in Panthers zone.
19:37 of 3rd period - Slapshot by Evgeny Dadonov.
19:37 of 3rd period - Shot Blocked by Josh Gorges.
19:49 of 3rd period - Minor Penalty to Mattias Ekholm for High sticking.
19:50 of 3rd period - Charlie Coyle wins face-off versus Anze Kopitar in Avalanche zone.
19:55 of 3rd period - Slapshot by Marc Staal.
19:55 of 3rd period - Deflect By Luke Witkowski.
19:55 of 3rd period - Stopped by Petr Mrazek with a rebound.
19:57 of 3rd period - Slapshot by Marc Staal.
19:57 of 3rd period - Deflect By Charlie Coyle.
19:57 of 3rd period - Shot Misses the Net.
19:57 of 3rd period - Puck is out of play.
19:58 of 3rd period - Charlie Coyle wins face-off versus Nick Bjugstad in Panthers zone.
Goals for this period are 0 for Avalanche vs 0 for Panthers.
Shots for this period are 3 for Avalanche vs 5 for Panthers.